 Dungeon Crawl Stone Soup version 0.20-a0-876-g2c7b0bf (webtiles) character file.

14271 Bailgrim the Carver (level 11, -6/129 HPs)
             Began as a Demonspawn Berserker on Mar 16, 2017.
             Was a High Priest of Trog.
             Mangled by a faun
             ... wielding a +0 spear
              (8 damage)
             ... on level 1 of the Lair of Beasts.
             The game lasted 00:29:04 (10503 turns).

Bailgrim the Carver (Demonspawn Berserker)         Turns: 10503, Time: 00:29:05

Health: -6/129     AC: 18    Str: 28    XL:     11   Next: 86%
Magic:  14/14      EV: 11    Int:  8    God:    Trog [*****.]
Gold:   573        SH:  0    Dex: 14    Spells: 10/10 levels left

rFire    . . .     SeeInvis +   a - +3 long sword (curse)
rCold    + . .     Gourm    +   j - +3 chain mail
rNeg     . . .     Faith    .   (no shield)
rPois    .         Spirit   .   J - +1 helmet {SInv}
rElec    .         Reflect  .   (no cloak)
rCorr    .         Harm     .   H - +0 pair of gloves {Str+3}
MR       .....                  (no boots)
Stlth    ..........             q - amulet of the gourmand
Regen    2.4/turn               (no ring)
MPRegen  0.2/turn               (no ring)

@: berserking (expiring), very quick
A: hooves 2, yellow scales 1, cold resistance 1, powered by death 2, freezing
cloud immunity
a: Berserk, Trog's Hand, Brothers in Arms, Burn Spellbooks, Renounce Religion


You were on level 1 of the Lair of Beasts.
You worshipped Trog.
Trog was extremely pleased with you.
You were very full.

You visited 2 branches of the dungeon, and saw 12 of its levels.
You also visited: Sewer and Bailey.

You collected 852 gold pieces.
You spent 279 gold pieces at shops.

Inventory:

Hand Weapons
 a - a cursed +3 long sword (weapon)
 n - a +0 great sword
Armour
 j - a +3 chain mail (worn)
 w - a +1 helmet of intelligence
 H - a +0 pair of gloves of strength (worn)
 J - a +1 helmet of see invisible (worn)
Jewellery
 q - an amulet of the gourmand (around neck)
Wands
 g - a wand of lightning (6/15)
 k - a wand of lightning (6/15)
 C - a wand of lightning (3/15)
 G - a wand of confusion (0/48)
Scrolls
 b - a scroll of blinking
 e - 5 scrolls of identify
 l - 4 scrolls of enchant armour
 o - 8 scrolls of fog {!r}
 p - a scroll of teleportation {!r}
 u - a scroll of noise {unknown}
 v - 2 scrolls of fear
 x - a scroll of remove curse {unknown}
 y - a scroll of acquirement {unknown}
 E - a scroll of enchant weapon
 K - a scroll of holy word {unknown}
Potions
 d - a potion of mutation {unknown}
 h - 3 potions of agility
 i - 3 potions of berserk rage {!q}
 s - a potion of lignification {unknown}
 t - a potion of resistance {unknown}
 A - 3 potions of heal wounds {!q}
 B - a potion of magic {unknown}
 F - 3 potions of curing
 I - a potion of invisibility {unknown}
 L - a potion of ambrosia {unknown}
Comestibles
 c - 8 bread rations
 f - 6 meat rations
 m - 7 chunks of flesh
 r - 3 royal jellies
 z - 13 fruits


   Skills:
 * Level 8.0 Fighting
 - Level 14.0 Long Blades
 + Level 4.5 Armour
 + Level 5.0 Dodging
 + Level 5.0 Evocations


You had 10 spell levels left.
You didn't know any spells.

Dungeon Overview and Level Annotations

Branches:
Dungeon (11/15)            Temple (0/1) D:4            Lair (1/6) D:9
    Orc (0/2) D:11

Altars:
Ashenzari
Cheibriados
Qazlal
Trog
Vehumet
Yredelemnul
Zin

Shops:
D:5 *=*   D:6 [   D:10 *   D:11 [


Innate Abilities, Weirdness & Mutations

You have hoof-like feet.
You are partially covered in yellow scales. (AC +2)
Your flesh is cold resistant. (rC+)
You regenerate health from kills.
You are immune to freezing clouds.


Message History

* * * LOW HITPOINT WARNING * * *
The wolf bites you.
* * * LOW HITPOINT WARNING * * *
You closely miss the komodo dragon. You kick the komodo dragon.
The komodo dragon is moderately wounded.
The komodo dragon bites you!
* * * LOW HITPOINT WARNING * * *
You slice the komodo dragon!! Your kick misses the komodo dragon.
The komodo dragon is severely wounded.
The wolf pauses to sniff the ground.
The wolf barely misses you. The faun barely misses you.
You closely miss the komodo dragon. Your kick misses the komodo dragon.
The komodo dragon is severely wounded.
The wolf bites you but does no damage. The komodo dragon bites you!!
* * * LOW HITPOINT WARNING * * *
Unknown command.
You slash the komodo dragon! Your kick misses the komodo dragon.
The komodo dragon is almost dead.
The faun hits you from afar with a spear!
You die...

..#### ..... .... #..# #..#
#..# # # #..## #### ####
..#.#######...####..###..##
.......hHl@................
♣......hch##.##............
.......†hh#####..........)<
.........h# #............
...........# #.............
....†.....## ##............
%.%.♣...... ..............
.....?.....................
hhh...........##.###P...###


You could see a faun, a komodo dragon, a hippogriff and 6 wolves.

Vanquished Creatures
  Erolcha (D:9)
  2 two-headed ogres
  The ghost of archon2 the Carver, a novice DsCK of Xom (D:8)
  Pikel (D:9)
  3 orc knights (Bailey)
  A manticore (D:11)
  A deep elf mage (D:10)
  2 centaur skeletons
  A merfolk (D:10)
  3 trolls
  A hornet (D:10)
  A hippogriff (D:8)
  2 wraiths (D:8)
  Eustachio (D:4)
  A human (D:10)
  A hungry ghost (D:7)
  Menkaure (D:6)
  A porcupine (Lair:1)
  Purgy (Sewer)
  14 orc warriors
  A slave (D:9)
  3 sky beasts
  An ice beast (D:10)
  2 necrophages
  5 ogres
  14 wolves
  4 centaurs
  An elf zombie (D:8)
  4 bullfrogs
  4 scorpions
  A troll zombie (D:8)
  5 wights (D:8)
  2 howler monkeys
  7 crimson imps
  A bullfrog zombie (D:5)
  A centaur zombie (D:6)
  3 hounds
  2 jellies
  6 orc priests
  3 human zombies (D:8)
  A bullfrog skeleton (D:5)
  4 orc wizards
  A human skeleton (D:8)
  3 iguanas
  6 worker ants
  A killer bee zombie (D:7)
  2 mummies
  2 howler monkey zombies (D:8)
  12 adders
  A shadow imp (D:10)
  An ooze (D:2)
  An adder skeleton (D:4)
  4 worms
  A dart slug (D:4)
  8 leopard geckos
  31 orcs
  9 giant cockroaches
  9 hobgoblins
  8 jackals
  3 quokkas
  2 ball pythons
  12 bats
  7 frilled lizards
  9 goblins
  A jackal skeleton (D:8)
  15 kobolds
  A quokka skeleton (D:4)
  6 rats
271 creatures vanquished.

Vanquished Creatures (collateral kills)
  Harold (Lair:1)
  Grum (D:11)
  2 water moccasins (Lair:1)
  3 wolves
7 creatures vanquished.

Vanquished Creatures (others)
  A slave (D:9)
  A jelly (D:9)
  An orc (Bailey)
3 creatures vanquished.

Grand Total: 281 creatures vanquished

Notes
Turn   | Place    | Note
-------+----------+-------------------------------------------
     0 | D:1      | Bailgrim the Demonspawn Berserker began the quest for the Orb.
     0 | D:1      | Reached XP level 1. HP: 18/18 MP: 1/1
   156 | D:1      | Reached skill level 3 in Long Blades
   361 | D:1      | Gained mutation: You have large cloven feet. [demonic ancestry]
   361 | D:1      | Reached XP level 2. HP: 24/24 MP: 2/2
   933 | D:2      | Reached XP level 3. HP: 23/29 MP: 3/3
  1084 | D:2      | Reached skill level 4 in Long Blades
  1115 | D:2      | Reached ** piety under Trog
  1413 | D:2      | Gained mutation: You regenerate a little health from kills. [demonic ancestry]
  1413 | D:2      | Reached XP level 4. HP: 27/35 MP: 4/4
  1615 | D:2      | Found a bloodstained altar of Trog.
  1981 | D:2      | Reached skill level 5 in Long Blades
  2323 | D:3      | Gained mutation: You are partially covered in yellow scales. (AC +2) [demonic ancestry]
  2323 | D:3      | Reached XP level 5. HP: 37/41 MP: 5/5
  2619 | D:3      | Reached *** piety under Trog
  3014 | D:4      | Reached skill level 6 in Long Blades
  3076 | D:4      | Found a staircase to the Ecumenical Temple.
  3111 | D:4      | Gained mutation: Your flesh is cold resistant. (rC+) [demonic ancestry]
  3111 | D:4      | Reached XP level 6. HP: 47/47 MP: 6/6
  3466 | D:4      | Noticed a sky beast
  3474 | D:4      | Killed a sky beast
  3474 | D:4      | Reached skill level 7 in Long Blades
  3530 | D:4      | Reached XP level 7. HP: 52/52 MP: 7/7
  3620 | D:5      | Entered Level 5 of the Dungeon
  3636 | D:5      | Found Caxuss's Jewellery Emporium.
  3730 | D:5      | Reached skill level 8 in Long Blades
  3877 | D:5      | Noticed Eustachio
  4077 | D:4      | Killed Eustachio
  4175 | D:5      | Reached skill level 9 in Long Blades
  4175 | D:5      | Gained mutation: You are immune to freezing clouds. [demonic ancestry]
  4175 | D:5      | Reached XP level 8. HP: 58/58 MP: 8/8
  4209 | D:5      | Found a glowing drain.
  4217 | D:5      | Reached **** piety under Trog
  4224 | Sewer    | Entered a sewer
  4347 | Sewer    | Noticed Purgy
  4355 | Sewer    | Killed Purgy
  4591 | D:5      | Found Amiez's Assorted Antiques.
  4599 | D:5      | Found Luawkio's Assorted Antiques.
  4610 | D:5      | Bought a fizzy grey potion for 23 gold pieces
  4610 | D:5      | Bought a scroll labeled SEAQEZ NEIHAINT for 26 gold pieces
  4615 | D:5      | Bought a scroll labeled NARCHO INUA for 34 gold pieces
  4615 | D:5      | Bought a scroll of identify for 68 gold pieces
  4615 | D:5      | Bought a scroll labeled LASCHY RIKIO for 34 gold pieces
  4615 | D:5      | Bought a fizzy grey potion for 30 gold pieces
  4615 | D:5      | Bought a fizzy grey potion for 30 gold pieces
  4615 | D:5      | Bought a scroll labeled XOACHUBAEM for 34 gold pieces
  4837 | D:6      | Found a shattered altar of Ashenzari.
  4859 | D:6      | Found Muqenaf's Armour Boutique.
  4999 | D:6      | Found a bloodstained altar of Trog.
  5028 | D:6      | Reached skill level 10 in Long Blades
  5263 | D:6      | Found a glowing silver altar of Zin.
  5263 | D:6      | Noticed an angel
  5392 | D:6      | Noticed Menkaure
  5400 | D:6      | Killed Menkaure
  6191 | D:7      | Reached skill level 11 in Long Blades
  6199 | D:7      | Gained mutation: You regenerate health from kills. [demonic ancestry]
  6199 | D:7      | Reached XP level 9. HP: 54/63 MP: 9/9
  6870 | D:8      | Reached skill level 12 in Long Blades
  7265 | D:8      | Noticed archon2's ghost (novice DsCK)
  7358 | D:8      | Killed archon2's ghost
  7498 | D:8      | Noticed a two-headed ogre
  7512 | D:8      | Reached skill level 13 in Long Blades
  7512 | D:8      | Gained mutation: You have hoof-like feet. [demonic ancestry]
  7512 | D:8      | Reached XP level 10. HP: 70/70 MP: 10/10
  7517 | D:8      | Killed a two-headed ogre
  7796 | D:8      | Found a basalt altar of Yredelemnul.
  7988 | D:8      | Found a radiant altar of Vehumet.
  8085 | D:9      | Found a stormy altar of Qazlal.
  8234 | D:9      | Noticed Pikel
  8260 | D:9      | Killed Pikel
  8260 | D:9      | Reached skill level 14 in Long Blades
  8299 | D:9      | Found a snail-covered altar of Cheibriados.
  8714 | D:9      | Noticed Erolcha
  8724 | D:9      | Found a staircase to the Lair.
  9003 | D:10     | Entered Level 10 of the Dungeon
  9039 | D:10     | Found Tuperuh's General Store.
  9085 | D:10     | Reached skill level 1 in Evocations
  9267 | D:10     | Noticed a deep elf mage
  9335 | D:10     | Reached skill level 5 in Fighting
  9447 | D:10     | Killed a deep elf mage
  9447 | D:10     | Reached XP level 11. HP: 80/80 MP: 11/13
  9881 | D:11     | Noticed a two-headed ogre
  9889 | D:11     | Killed a two-headed ogre
  9977 | D:11     | Reached ***** piety under Trog
 10037 | D:11     | Found Poklig's Antique Armour Shop.
 10060 | D:11     | Found a flagged portal.
 10075 | D:11     | Noticed Grum
 10081 | D:11     | Killed Grum
 10092 | Bailey   | Entered a bailey
 10092 | Bailey   | Noticed an orc knight
 10096 | Bailey   | Noticed an orc knight
 10097 | Bailey   | Killed an orc knight
 10102 | Bailey   | Noticed an orc knight
 10106 | Bailey   | Killed an orc knight
 10136 | Bailey   | Killed an orc knight
 10385 | D:9      | Killed Erolcha
 10414 | Lair:1   | Entered Level 1 of the Lair of Beasts
 10414 | Lair:1   | Noticed Harold
 10423 | Lair:1   | Killed Harold
 10486 | Lair:1   | Reached skill level 5 in Evocations
 10487 | Lair:1   | Reached skill level 5 in Dodging
 10502 | Lair:1   | HP: 1/129 [komodo dragon (20)]
 10503 | Lair:1   | Mangled by a faun

Vault maps used:
D:1:      matt_arrival_grand_opening
D:2:      trog_hazing_becter
D:3:      first_bread, glass_columns_a
D:4:      temple_fountains
D:5:      serial_shops, shop, shop, nicolae_shop_trees, gup_sewer_entry_bubbles,
          uniq_eustachio
D:6:      cheibrodos_ashenzari_chains, bloody_trog, zin_angel, serial_shops,
          shop, uniq_menkaure
D:8:      overflow_temple_1_default, lemuel_mausoleum_altar_yredelemnul
D:9:      nicolae_qazlal_style_of_elements, slow_altar_2, lair_entry_dummy,
          uniq_erolcha, uniq_pikel
D:10:     serial_shops, shop_statue, hangedman_stone_soup, lemuel_old_faithful
D:11:     orc_0_dummy, serial_shops, nicolae_shop_overgrown_old_shop,
          enter_bailey_2, serial_park_tiny_2, uniq_grum
Lair:1:   grunt_forest_large_clearings, uniq_harold
Sewer:    sewer_big_baddie
Bailey:   bailey_polearm_4, bailey

Skill      XL: |  1  2  3  4  5  6  7  8  9 10 11 |
---------------+----------------------------------+-----
Long Blades    | 3 4 5 6 7 9 11 13 14 | 14.0
Armour         | 2 4 |  4.5
Dodging        | 3 5 |  5.0
Fighting       | 5 8 |  8.0
Evocations     | 2 5 |  5.0

Action                   |  1- 3 |  4- 6 |  7- 9 | 10-12 || total
-------------------------+-------+-------+-------+-------++-------
Melee: Falchion          |   132 |   254 |   325 |       ||   711
       Kick              |    31 |    83 |   136 |   138 ||   388
       Long sword        |       |       |    64 |   340 ||   404
Invok: Berserk           |       |     3 |    17 |    14 ||    34
       Trog's Hand       |       |       |     2 |     3 ||     5
       Brothers in Arms  |       |       |     1 |     2 ||     3
Evoke: Wand              |       |       |       |    24 ||    24
  Use: Scroll            |       |     2 |     6 |    11 ||    19
       Potion            |       |       |     1 |     1 ||     2
  Eat: Chunk             |     2 |    23 |    34 |    29 ||    88
Armor: Animal skin       |    11 |       |       |       ||    11
       Ring mail         |    53 |   112 |   148 |    77 ||   390
       Chain mail        |       |       |       |    43 ||    43
Dodge: Dodged            |    84 |   158 |   178 |   159 ||   579
       Rpst.: Falchion   |    31 |    53 |    50 |       ||   134
       Long sword        |       |       |     9 |    43 ||    52
